| TOP OF THE 1ST |
|
Miami (APP) Marlins batting - Pitching for San Diego (APP) Padres : RHP Sean Fowler
|
|
Pitching: RHP Sean Fowler
|
|
|
Batting: RHB Adrian Bocker
|
0-0: Ball 1-0: Called Strike 1-1: Ball 2-1: Foul Ball, location: 2F 2-2: Strikes out swinging
|
|
Batting: RHB Jason Thrash
|
0-0: Ball 1-0: Ball 2-0: Called Strike 2-1: Fly out, F8 (Flyball, 8LM, EV 93.1 MPH)
|
|
Batting: SHB Matt Moore
|
0-0: Called Strike 0-1: Swinging Strike 0-2: Ground out 4-3 (Groundball, 4, EV 78.8 MPH)
|
| Top of the 1st over - 0 runs, 0 hits, 0 errors, 0 left on base; Miami (APP) 0 - San Diego (APP) 0 |
| BOTTOM OF THE 1ST |
|
San Diego (APP) Padres batting - Pitching for Miami (APP) Marlins : LHP Gavrilo Brkic
|
|
Pitching: LHP Gavrilo Brkic
|
|
|
Batting: SHB Yutaro Takahashi
|
0-0: Ball 1-0: Ball 2-0: Foul Ball, location: 2F 2-1: Foul Ball, location: 2F 2-2: Foul Ball, location: 2F 2-2: Ball 3-2: Foul Ball, location: 2F 3-2: Foul Ball, location: 2F 3-2: TRIPLE (Line Drive, 78XD, EV 101.2 MPH)
|
|
Batting: LHB Phil Lerner
|
0-0: Ball 1-0: Foul Ball, location: 2F 1-1: Fly out, F9 (Flyball, 89D, EV 84.4 MPH) Runner from 3rd tags up, SCORES, no throw by RF
|
|
Batting: RHB Antonio Lara
|
0-0: Ball 1-0: Called Strike 1-1: Foul Ball, location: 2F 1-2: Ball 2-2: SINGLE (Flyball, 34D, EV 98.1 MPH)
|
|
Batting: RHB Freddie Brown
|
0-0: Ball 1-0: Swinging Strike 1-1: Called Strike 1-2: Foul Ball, location: 2F 1-2: Ball 2-2: Ball 3-2: SINGLE (Groundball, 6, EV 106.9 MPH) Antonio Lara to second
|
|
Batting: LHB Sammy Roddenberry
|
0-0: Ball 1-0: Called Strike 1-1: Ball 2-1: Ball 3-1: Called Strike 3-2: Fielders Choice at 2nd, 6-4 (Groundball, 6S, EV 88.8 MPH) Antonio Lara to third
|
|
Batting: RHB Wally Cangro
|
0-0: Ball 1-0: Ball 2-0: SINGLE (Line Drive, 3D, EV 96.9 MPH) Antonio Lara scores Sammy Roddenberry to second Runner from 2nd tries for 3rd, OUT! 9-5
|
| Bottom of the 1st over - 2 runs, 4 hits, 0 errors, 1 left on base; Miami (APP) 0 - San Diego (APP) 2 |
| TOP OF THE 2ND |
|
Miami (APP) Marlins batting - Pitching for San Diego (APP) Padres : RHP Sean Fowler
|
|
Batting: RHB Mario Cota
|
0-0: Ball 1-0: Foul Ball, location: 2F 1-1: Ball 2-1: Ball 3-1: Foul Ball, location: 2F 3-2: Fly out, F7 (Flyball, 7LD, EV 109.4 MPH)
|
|
Batting: RHB Keith Bennett
|
0-0: Called Strike 0-1: Foul Ball, location: 2F 0-2: Strikes out looking
|
|
Batting: RHB Rick Knoblauch
|
0-0: Called Strike 0-1: Ground out 6-3 (Groundball, 6, EV 88.8 MPH)
|
| Top of the 2nd over - 0 runs, 0 hits, 0 errors, 0 left on base; Miami (APP) 0 - San Diego (APP) 2 |
| BOTTOM OF THE 2ND |
|
San Diego (APP) Padres batting - Pitching for Miami (APP) Marlins : LHP Gavrilo Brkic
|
|
Batting: RHB Max Stillo
|
0-0: Ball 1-0: Ball 2-0: Called Strike 2-1: Ball 3-1: Called Strike 3-2: Foul Ball, location: 2F 3-2: Base on Balls
|
|
Batting: RHB Brent Little
|
0-0: Ball 1-0: SINGLE (Groundball, 4D, EV 100.6 MPH) Max Stillo to second Runner from 2nd tries for 3rd, SAFE, throw by CF made to third
|
|
Batting: RHB Justin Blount
|
0-0: Foul Ball, location: 2F 0-1: Ball 1-1: Ground out 6-3 (Groundball, 6MS, EV 68.8 MPH) Max Stillo scores Brent Little to second
|
|
Pitching: RHP Matt Alexander
|
|
|
Batting: SHB Yutaro Takahashi
|
0-0: Ball 1-0: Ball 2-0: Ball 3-0: Base on Balls
|
|
Batting: LHB Phil Lerner
|
0-0: Swinging Strike 0-1: Called Strike 0-2: Ball 1-2: Ball 2-2: Foul Ball, location: 2F 2-2: Foul Ball, location: 2F 2-2: Strikes out looking
|
|
Batting: RHB Antonio Lara
|
0-0: Foul Ball, location: 2F 0-1: Foul Ball, location: 2F 0-2: Foul Ball, location: 2F 0-2: Foul Ball, location: 2F 0-2: Foul Ball, location: 2F 0-2: DOUBLE (Groundball, 5L, EV 108.1 MPH) Brent Little scores Yutaro Takahashi to third Runner from 3rd tries for Home, SAFE, throw by LF to trailing runner, SAFE at third!
|
|
Batting: RHB Freddie Brown
|
0-0: Foul Ball, location: 2F 0-1: Foul Ball, location: 2F 0-2: Ball 1-2: Foul Ball, location: 2F 1-2: Foul Ball, location: 2F 1-2: Ball 2-2: Ball 3-2: Foul Ball, location: 2F 3-2: Foul Ball, location: 2F 3-2: 2-RUN HOME RUN (Flyball, 7D, EV 100.6 MPH), Distance : 406 ft
|
|
Pitching: LHP Tyler Murders
|
|
|
Batting: LHB Sammy Roddenberry
|
0-0: Ball 1-0: Called Strike 1-1: Called Strike 1-2: Ball 2-2: SINGLE (Flyball, 9LS, EV 88.1 MPH)
|
|
Batting: RHB Wally Cangro
|
0-0: Ball Sammy Roddenberry steals 2nd base 1-0: Foul Ball, location: 2F 1-1: SINGLE (Groundball, 25, EV 64.4 MPH) (infield hit) Sammy Roddenberry to third
|
|
Batting: RHB Max Stillo
|
0-0: Called Strike 0-1: Ball 1-1: Foul Ball, location: 2F 1-2: Strikes out swinging
|
| Bottom of the 2nd over - 5 runs, 5 hits, 0 errors, 2 left on base; Miami (APP) 0 - San Diego (APP) 7 |
| TOP OF THE 3RD |
|
Miami (APP) Marlins batting - Pitching for San Diego (APP) Padres : RHP Sean Fowler
|
|
Batting: SHB Jeremy Akande
|
0-0: Foul Ball, location: 2F 0-1: Ball 1-1: Foul Ball, location: 2F 1-2: Ball 2-2: Strikes out swinging
|
|
Batting: LHB Melvin Castro
|
0-0: Called Strike 0-1: Swinging Strike 0-2: Ball 1-2: Strikes out looking
|
|
Batting: LHB Bryan Wedge
|
0-0: Called Strike 0-1: Swinging Strike 0-2: Ball 1-2: Foul Ball, location: 2F 1-2: Ball 2-2: Foul Ball, location: 2F 2-2: Strikes out swinging
|
| Top of the 3rd over - 0 runs, 0 hits, 0 errors, 0 left on base; Miami (APP) 0 - San Diego (APP) 7 |
| BOTTOM OF THE 3RD |
|
San Diego (APP) Padres batting - Pitching for Miami (APP) Marlins : LHP Tyler Murders
|
|
Batting: RHB Brent Little
|
0-0: Swinging Strike 0-1: Ball 1-1: SINGLE (Groundball, 56D, EV 104.4 MPH)
|
|
Batting: RHB Justin Blount
|
0-0: Called Strike 0-1: Ball 1-1: Swinging Strike 1-2: Ball 2-2: Foul Ball, location: 2F 2-2: Ball 3-2: Base on Balls Brent Little to second
|
|
Batting: SHB Yutaro Takahashi
|
0-0: Foul Ball, location: 2F 0-1: Ball 1-1: Swinging Strike 1-2: Foul Ball, location: 2F 1-2: DOUBLE (Groundball, 5L, EV 101.9 MPH) Brent Little scores Justin Blount to third
|
|
Batting: LHB Phil Lerner
|
0-0: Swinging Strike 0-1: Ball Passed Ball! Justin Blount scores Yutaro Takahashi to third 1-1: Foul Ball, location: 2F 1-2: Ball 2-2: Ball 3-2: Base on Balls
|
|
Batting: RHB Antonio Lara
|
0-0: Ball 1-0: Ball 2-0: Ball 3-0: Base on Balls Phil Lerner to second
|
|
Batting: RHB Freddie Brown
|
0-0: Ball 1-0: Ball 2-0: Ball 3-0: Base on Balls Yutaro Takahashi scores Phil Lerner to third Antonio Lara to second
|
|
Pitching: LHP Mike Wasson
|
|
|
Batting: LHB Sammy Roddenberry
|
0-0: Swinging Strike 0-1: Ball 1-1: Ball 2-1: Swinging Strike 2-2: DOUBLE (Line Drive, 9LM, EV 110.6 MPH) Phil Lerner scores Antonio Lara scores Freddie Brown to third
|
|
Batting: RHB Wally Cangro
|
0-0: Called Strike 0-1: Ball 1-1: Ball 2-1: DOUBLE (Line Drive, 89XD, EV 101.9 MPH) Freddie Brown scores Sammy Roddenberry scores
|
|
Batting: RHB Max Stillo
|
0-0: Ball 1-0: Ball 2-0: Foul Ball, location: 2F 2-1: Foul Ball, location: 2F 2-2: Strikes out swinging
|
|
Batting: RHB Brent Little
|
0-0: Ground out U3 (Groundball, 34, EV 99.4 MPH) Wally Cangro to third
|
|
Batting: RHB Justin Blount
|
0-0: Ball 1-0: SINGLE (Groundball, 6MD, EV 98.8 MPH) Wally Cangro scores
|
|
Batting: SHB Yutaro Takahashi
|
0-0: Ground out 1-3 (Groundball, P, EV 55.6 MPH)
|
| Bottom of the 3rd over - 8 runs, 5 hits, 0 errors, 1 left on base; Miami (APP) 0 - San Diego (APP) 15 |
| TOP OF THE 4TH |
|
Miami (APP) Marlins batting - Pitching for San Diego (APP) Padres : RHP Sean Fowler
|
|
Batting: RHB Adrian Bocker
|
0-0: Called Strike 0-1: Ball 1-1: Ball 2-1: Ground out 2-3 (Groundball, 15S, EV 71.2 MPH)
|
|
Batting: RHB Jason Thrash
|
0-0: Ball 1-0: Ground out 5-3 (Groundball, 25, EV 92.5 MPH)
|
|
Batting: SHB Matt Moore
|
0-0: Ball 1-0: Called Strike 1-1: Ground out U3 (Groundball, 3, EV 76.9 MPH)
|
| Top of the 4th over - 0 runs, 0 hits, 0 errors, 0 left on base; Miami (APP) 0 - San Diego (APP) 15 |
| BOTTOM OF THE 4TH |
|
San Diego (APP) Padres batting - Pitching for Miami (APP) Marlins : LHP Mike Wasson
|
|
Pitching: RHP Adam Brown
|
|
|
Batting: LHB Phil Lerner
|
0-0: Foul Ball, location: 2F 0-1: Ball 1-1: Ball 2-1: Called Strike 2-2: Strikes out swinging
|
|
Batting: RHB Antonio Lara
|
0-0: Ball 1-0: Ball 2-0: Ball 3-0: Base on Balls
|
|
Batting: RHB Freddie Brown
|
0-0: Called Strike 0-1: Foul Ball, location: 2F 0-2: Fly out, F3 (Line Drive, 3, EV 63.1 MPH)
|
|
Batting: LHB Sammy Roddenberry
|
0-0: Foul Ball, location: 2F 0-1: Reached on error, E3 (Groundball, 3L, EV 78.1 MPH) Antonio Lara to second
|
|
Batting: RHB Wally Cangro
|
0-0: SINGLE (Flyball, 6D, EV 91.2 MPH) Antonio Lara to third Sammy Roddenberry to second Runner from 3rd tries for Home, SAFE, throw by CF to home
|
|
Batting: RHB Max Stillo
|
0-0: Called Strike 0-1: Fly out, F5 (Popup, 5SF, EV 74.4 MPH)
|
| Bottom of the 4th over - 1 run, 1 hit, 1 error, 2 left on base; Miami (APP) 0 - San Diego (APP) 16 |
| TOP OF THE 5TH |
|
Miami (APP) Marlins batting - Pitching for San Diego (APP) Padres : RHP Sean Fowler
|
|
Batting: RHB Mario Cota
|
0-0: Ball 1-0: Ball 2-0: Ball 3-0: Called Strike 3-1: Ground out 5-3 (Groundball, 56S, EV 82.5 MPH)
|
|
Batting: RHB Keith Bennett
|
0-0: Ball 1-0: Foul Ball, location: 2F 1-1: Foul Ball, location: 2F 1-2: Strikes out looking
|
|
Batting: RHB Rick Knoblauch
|
0-0: Called Strike 0-1: Called Strike 0-2: Ball 1-2: Strikes out swinging
|
| Top of the 5th over - 0 runs, 0 hits, 0 errors, 0 left on base; Miami (APP) 0 - San Diego (APP) 16 |
| BOTTOM OF THE 5TH |
|
San Diego (APP) Padres batting - Pitching for Miami (APP) Marlins : RHP Adam Brown
|
|
Batting: RHB Brent Little
|
0-0: Ball 1-0: SOLO HOME RUN (Flyball, 78XD, EV 114.4 MPH), Distance : 420 ft
|
|
Batting: RHB Justin Blount
|
0-0: Ball 1-0: Foul Ball, location: 2F 1-1: Foul Ball, location: 2F 1-2: Ball 2-2: Ball 3-2: SINGLE (Line Drive, 3D, EV 109.4 MPH)
|
|
Batting: SHB Yutaro Takahashi
|
0-0: Ball 1-0: Called Strike 1-1: DOUBLE (Line Drive, 7LM, EV 98.8 MPH) Justin Blount to third
|
|
Batting: LHB Phil Lerner
|
0-0: Ball 1-0: Called Strike 1-1: Ball 2-1: Ball 3-1: Foul Ball, location: 2F 3-2: Strikes out swinging
|
|
Batting: RHB Antonio Lara
|
0-0: Fly out, F8 (Flyball, 8LM, EV 81.2 MPH) Runner from 3rd tags up, SCORES, throw by CF
|
|
Batting: RHB Freddie Brown
|
0-0: Foul Ball, location: 2F 0-1: SINGLE (Flyball, 56D, EV 91.9 MPH) Yutaro Takahashi to third Throwing error, E7 Yutaro Takahashi scores Freddie Brown to second
|
|
Batting: LHB Sammy Roddenberry
|
0-0: Ball 1-0: Ball 2-0: Called Strike 2-1: Ball 3-1: Called Strike 3-2: Foul Ball, location: 2F 3-2: Strikes out looking
|
| Bottom of the 5th over - 3 runs, 4 hits, 1 error, 1 left on base; Miami (APP) 0 - San Diego (APP) 19 |
| TOP OF THE 6TH |
|
Miami (APP) Marlins batting - Pitching for San Diego (APP) Padres : RHP Sean Fowler
|
|
Batting: SHB Jeremy Akande
|
0-0: Called Strike 0-1: Foul Ball, location: 2F 0-2: Ball 1-2: Foul Ball, location: 2F 1-2: Ball 2-2: Strikes out swinging
|
|
Batting: LHB Melvin Castro
|
0-0: Ball 1-0: Swinging Strike 1-1: Foul Ball, location: 2F 1-2: Ball 2-2: Foul Ball, location: 2F 2-2: Ball 3-2: Strikes out swinging
|
|
Batting: LHB Bryan Wedge
|
0-0: Called Strike 0-1: Ball 1-1: Ball 2-1: Foul Ball, location: 2F 2-2: Ground out U3 (Groundball, 34, EV 97.5 MPH)
|
| Top of the 6th over - 0 runs, 0 hits, 0 errors, 0 left on base; Miami (APP) 0 - San Diego (APP) 19 |
| BOTTOM OF THE 6TH |
|
San Diego (APP) Padres batting - Pitching for Miami (APP) Marlins : RHP Adam Brown
|
|
Batting: RHB Wally Cangro
|
0-0: Called Strike 0-1: Ball 1-1: Foul Ball, location: 2F 1-2: Ball 2-2: Ball 3-2: Base on Balls
|
|
Batting: RHB Max Stillo
|
0-0: Swinging Strike 0-1: Ball 1-1: Ball 2-1: Ball 3-1: Base on Balls Wally Cangro to second
|
|
Batting: RHB Brent Little
|
0-0: Ball 1-0: Ball 2-0: SINGLE (Groundball, 6MD, EV 102.5 MPH) Wally Cangro to third Max Stillo to second Runner from 3rd tries for Home, SAFE, throw by CF to home
|
|
Batting: RHB Justin Blount
|
0-0: Hit by Pitch Max Stillo to third Brent Little to second
|
|
Batting: SHB Yutaro Takahashi
|
0-0: Swinging Strike 0-1: Ball 1-1: Ball 2-1: GRAND SLAM HOME RUN (Flyball, 9D, EV 104.4 MPH), Distance : 385 ft
|
|
Batting: LHB Phil Lerner
|
0-0: Fly out, F8 (Flyball, 8RM, EV 85.0 MPH)
|
|
Batting: RHB Antonio Lara
|
0-0: Ball 1-0: Ball 2-0: Ball 3-0: Base on Balls
|
|
Batting: RHB Freddie Brown
|
0-0: DOUBLE (Flyball, 89XD, EV 93.8 MPH) Antonio Lara to third Runner from 3rd tries for Home, SAFE, throw by CF to home
|
|
Batting: LHB Sammy Roddenberry
|
0-0: Ball Wild Pitch! Freddie Brown to third 1-0: Ball Wild Pitch! Freddie Brown scores 2-0: Foul Ball, location: 2F 2-1: Ball 3-1: Base on Balls
|
|
Batting: RHB Wally Cangro
|
0-0: SINGLE (Groundball, 6MS, EV 68.1 MPH) (infield hit) Sammy Roddenberry to second
|
|
Batting: RHB Max Stillo
|
0-0: Fly out, F7 (Flyball, 7LM, EV 90.0 MPH)
|
|
Batting: RHB Brent Little
|
0-0: Ground out 3-1 (Groundball, 34, EV 85.6 MPH)
|
| Bottom of the 6th over - 7 runs, 4 hits, 0 errors, 2 left on base; Miami (APP) 0 - San Diego (APP) 26 |
| TOP OF THE 7TH |
|
Miami (APP) Marlins batting - Pitching for San Diego (APP) Padres : RHP Sean Fowler
|
|
Batting: RHB Adrian Bocker
|
0-0: SINGLE (Line Drive, 34D, EV 94.4 MPH)
|
|
Batting: RHB Jason Thrash
|
0-0: Ball 1-0: Fly out, F8 (Flyball, 8LD, EV 97.5 MPH)
|
|
Pitching: RHP Scott Gillis
|
|
|
Batting: SHB Matt Moore
|
0-0: Ball 1-0: Ball 2-0: Called Strike 2-1: Foul Ball, location: 2F 2-2: Strikes out swinging
|
|
Batting: RHB Mario Cota
|
0-0: Fly out, F5 (Line Drive, 5, EV 70.6 MPH)
|
| Top of the 7th over - 0 runs, 1 hit, 0 errors, 1 left on base; Miami (APP) 0 - San Diego (APP) 26 |
| BOTTOM OF THE 7TH |
|
San Diego (APP) Padres batting - Pitching for Miami (APP) Marlins : RHP Adam Brown
|
|
Batting: RHB Justin Blount
|
0-0: Foul Ball, location: 2F 0-1: Called Strike 0-2: Ball 1-2: Fly out, F6 (Popup, 56, EV 57.5 MPH)
|
|
Batting: SHB Yutaro Takahashi
|
0-0: Ball 1-0: Ball 2-0: Foul Ball, location: 2F 2-1: Ball 3-1: Base on Balls
|
|
Batting: LHB Phil Lerner
|
0-0: Ball 1-0: Ball 2-0: Ball 3-0: Called Strike 3-1: Called Strike 3-2: Base on Balls Yutaro Takahashi to second
|
|
Batting: RHB Antonio Lara
|
0-0: SINGLE (Flyball, 3D, EV 93.8 MPH) Yutaro Takahashi to third Phil Lerner to second
|
|
Batting: RHB Freddie Brown
|
0-0: Called Strike 0-1: Swinging Strike 0-2: Strikes out swinging
|
|
Batting: LHB Sammy Roddenberry
|
0-0: Fly out, F8 (Flyball, 89D, EV 89.4 MPH)
|
| Bottom of the 7th over - 0 runs, 1 hit, 0 errors, 3 left on base; Miami (APP) 0 - San Diego (APP) 26 |
| TOP OF THE 8TH |
|
Miami (APP) Marlins batting - Pitching for San Diego (APP) Padres : RHP Scott Gillis
|
|
Batting: RHB Keith Bennett
|
0-0: Foul Ball, location: 2F 0-1: Ball 1-1: Foul Ball, location: 2F 1-2: Foul Ball, location: 2F 1-2: Ball 2-2: Strikes out swinging
|
|
Batting: RHB Rick Knoblauch
|
0-0: Ball 1-0: Ball 2-0: Called Strike 2-1: Swinging Strike 2-2: SOLO HOME RUN (Line Drive, 78XD, EV 111.2 MPH), Distance : 429 ft
|
|
Batting: SHB Jeremy Akande
|
0-0: Ball 1-0: Called Strike 1-1: Called Strike 1-2: Ball 2-2: Strikes out looking
|
|
Batting: LHB Melvin Castro
|
0-0: Ball 1-0: Called Strike 1-1: Foul Ball, location: 2F 1-2: Fly out, F8 (Line Drive, 8RD, EV 94.4 MPH)
|
| Top of the 8th over - 1 run, 1 hit, 0 errors, 0 left on base; Miami (APP) 1 - San Diego (APP) 26 |
| BOTTOM OF THE 8TH |
|
San Diego (APP) Padres batting - Pitching for Miami (APP) Marlins : RHP Adam Brown
|
|
Batting: RHB Wally Cangro
|
0-0: Fly out, F8 (Flyball, 89D, EV 86.2 MPH)
|
|
Batting: RHB Max Stillo
|
0-0: Ground out U3 (Groundball, 34, EV 89.4 MPH)
|
|
Batting: RHB Brent Little
|
0-0: Ball 1-0: Called Strike 1-1: Swinging Strike 1-2: Ball 2-2: Strikes out swinging
|
| Bottom of the 8th over - 0 runs, 0 hits, 0 errors, 0 left on base; Miami (APP) 1 - San Diego (APP) 26 |
| TOP OF THE 9TH |
|
Miami (APP) Marlins batting - Pitching for San Diego (APP) Padres : RHP Scott Gillis
|
|
Batting: LHB Bryan Wedge
|
0-0: Foul Ball, location: 2F 0-1: Called Strike 0-2: Ball 1-2: Ball 2-2: Strikes out looking
|
|
Pitching: RHP Nick Goodlow
|
|
|
Batting: RHB Adrian Bocker
|
0-0: Ball 1-0: Called Strike 1-1: Foul Ball, location: 2F 1-2: Ball 2-2: Strikes out looking
|
|
Batting: RHB Jason Thrash
|
0-0: SOLO HOME RUN (Flyball, 7LD, EV 95.6 MPH), Distance : 357 ft
|
|
Batting: SHB Matt Moore
|
0-0: Foul Ball, location: 2F 0-1: Ball 1-1: Ball 2-1: Fly out, F5 (Popup, 56, EV 72.5 MPH)
|
| Top of the 9th over - 1 run, 1 hit, 0 errors, 0 left on base; Miami (APP) 2 - San Diego (APP) 26 |
|